 Dungeon Crawl Stone Soup version 0.17.0-24-gcfadda4 (console) character file.

1169 Kloppie the Gusty (level 8, -1/54 HPs)
             Began as a High Elf Air Elementalist on Nov 15, 2015.
             Shot with an arrow of dispersal by a centaur (4 damage)
             ... on level 6 of the Dungeon.
             The game lasted 00:18:07 (6513 turns).

Kloppie the Gusty (High Elf Air Elementalist)       Turns: 6513, Time: 00:18:07

Health: -1/54      AC:  5    Str:  7    XL:     8   Next: 17%
Magic:  1/12       EV: 13    Int: 21    God:
Gold:   215        SH:  0    Dex: 16    Spells: 4 memorised, 1 level left

rFire  . . .     SeeInvis .     a - +0 flail (crush)
rCold  . . .     Clarity  .     e - +0 robe
rNeg   . . .     SustAt   .     (no shield)
rPois  .         Gourm    .     (no helmet)
rElec  .         Spirit   .     (no cloak)
rCorr  .         Warding  .     (no gloves)
rMut   .         Stasis   .     v - +2 pair of boots
MR     .....                    (no amulet)
Stlth  ++........               (no ring)
                                (no ring)

@: repel missiles, not resistant to hostile enchantments, unstealthy
A: no striking features
a: no special abilities


You were on level 6 of the Dungeon.
You were hungry.

You visited 1 branch of the dungeon, and saw 6 of its levels.

You collected 215 gold pieces.

Inventory:

Hand Weapons
 a - a +0 flail of crushing (weapon)
 b - a +0 blowgun
 g - a +0 dagger
Missiles
 w - 18 poisoned needles
Armour
 e - a +0 robe (worn)
 v - a +2 pair of boots (worn)
Jewellery
 x - an uncursed amulet of the gourmand
Wands
 q - a wand of confusion (20)
 u - a wand of flame (35)
Scrolls
 d - a scroll of recharging
 m - 3 scrolls of remove curse
 n - 2 scrolls of magic mapping {unknown}
 p - 4 scrolls of enchant armour {unknown}
 y - a scroll of teleportation {unknown}
 z - a scroll of random uselessness {unknown}
 D - 2 scrolls of identify
Potions
 f - a potion of might {unknown}
 i - 2 potions of brilliance
 j - 2 potions of ambrosia
 r - a potion of lignification {unknown}
 s - 3 potions of curing
 A - a potion of berserk rage {unknown}
 C - a potion of resistance {unknown}
Books
 t - a book of Air

   Spells                             Type                      Level
   a - Shock                          Conjuration/Air              1
   b - Swiftness                      Charms/Air                   2
   c - Repel Missiles                 Charms/Air                   2
   d - Static Discharge               Conjuration/Air              3
   e - Lightning Bolt                 Conjuration/Air              5
Comestibles
 c - 3 bread rations
 h - 3 meat rations
 k - 2 beef jerkies
 l - 2 royal jellies
 o - 5 fruits
 B - a slice of pizza


   Skills:
 + Level 4.2 Fighting
 - Level 2.1 Dodging
 - Level 2.1 Stealth
 - Level 2.4 Spellcasting
 + Level 7.0 Conjurations
 - Level 1.6 Charms
 + Level 7.6 Air Magic


You had one spell level left.
You knew the following spells:

 Your Spells              Type           Power        Failure   Level  Hunger
a - Shock                 Conj/Air       ####         1%          1    None
b - Swiftness             Chrm/Air       ###.....     3%          2    ##.....
c - Lightning Bolt        Conj/Air       ####......   24%         5    ######.
d - Repel Missiles        Chrm/Air       ###...       3%          2    ##.....


Dungeon Overview and Level Annotations

Branches:
Dungeon (6/15)
 Temple: D:4-7

Altars:

Annotations:
D:5 Dowan, Duvessa


Message History

The black bear is moderately wounded.
The zap hits the shadow imp.
The shadow imp is almost dead.
The black bear bites you but does no damage.
The black bear claws you but does no damage.
The black bear closely misses you. Duvessa hits you with a short sword!
* * * LOW HITPOINT WARNING * * *
The black bear bites you.
* * * LOW HITPOINT WARNING * * *
The black bear claws you but does no damage.
The black bear claws you.
* * * LOW HITPOINT WARNING * * *
You climb downwards.
There is a stone staircase leading up, spattered with blood here.
Found a whip.
The centaur wields a shortbow.
The centaur shoots an arrow of dispersal.
The arrow of dispersal hits you.
You die...

#..............
#...........)...
#................
#.................
............$.....
#.................
#.................
#......@..((......
#.................
........h.....c...
..........<.......
..................
....).............
#.................
#.................
....%............


You could see a black bear and a centaur.

Vanquished Creatures
  A sky beast (D:5)
  A centaur (D:4)
  A phantom (D:4)
  3 ogres
  A scorpion (D:4)
  A giant frog zombie (D:5)
  2 orc wizards (D:4)
  3 orc priests
  A centaur skeleton (D:4)
  A worker ant (D:5)
  3 giant frog skeletons
  A gnoll shaman (D:4)
  12 adders
  A shadow imp (D:5)
  6 gnolls (D:4)
  An ooze (D:5)
  4 giant geckos
  4 orcs
  4 giant cockroaches
  9 goblins
  14 hobgoblins
  3 jackals (D:4)
  11 kobolds
  A quokka (D:4)
  A ball python (D:3)
  9 bats
  18 giant newts
  A jackal skeleton (D:4)
  7 rats
125 creatures vanquished.

Notes
Turn   | Place    | Note
--------------------------------------------------------------
     0 | D:1      | Kloppie the High Elf Air Elementalist began the quest for the Orb.
     0 | D:1      | Reached XP level 1. HP: 11/11 MP: 4/4
   322 | D:1      | Reached XP level 2. HP: 10/17 MP: 1/6
   418 | D:1      | Reached skill level 4 in Air Magic
  1385 | D:2      | Reached XP level 3. HP: 14/21 MP: 0/7
  1396 | D:1      | HP: 1/21 [poisoned by an adder]
  2059 | D:2      | Reached XP level 4. HP: 27/27 MP: 5/8
  2591 | D:2      | Learned a level 2 spell: Swiftness
  2908 | D:3      | Reached skill level 5 in Air Magic
  3086 | D:3      | Reached XP level 5. HP: 24/31 MP: 0/9
  3208 | D:3      | Reached skill level 1 in Charms
  3243 | D:3      | Learned a level 5 spell: Lightning Bolt
  3929 | D:4      | Noticed a centaur
  3959 | D:4      | Noticed an ogre
  3967 | D:4      | Killed an ogre
  3967 | D:4      | Reached skill level 1 in Fighting
  3967 | D:4      | Reached skill level 5 in Conjurations
  3967 | D:4      | Reached XP level 6. HP: 36/38 MP: 4/10
  4188 | D:4      | Noticed an ogre
  4195 | D:4      | Killed an ogre
  4361 | D:4      | Reached skill level 6 in Air Magic
  4861 | D:4      | Reached XP level 7. HP: 39/45 MP: 11/11
  4865 | D:4      | Learned a level 2 spell: Repel Missiles
  4989 | D:4      | Killed a centaur
  5322 | D:4      | Reached skill level 7 in Air Magic
  5533 | D:5      | Entered Level 5 of the Dungeon
  5922 | D:5      | Reached XP level 8. HP: 7/54 MP: 10/12
  6493 | D:6      | Noticed Duvessa
  6493 | D:6      | Noticed Dowan
  6509 | D:5      | HP: 2/54 [black bear (1)]
  6513 | D:6      | Shot with an arrow of dispersal by a centaur

Action                   |  1- 3 |  4- 6 |  7- 9 || total
-------------------------+-------+-------+-------++-------
Melee: Dagger            |    20 |    26 |       ||    46
       Short sword       |       |    29 |       ||    29
       Flail             |       |    34 |    26 ||    60
 Cast: Shock             |    65 |    96 |    77 ||   238
       Repel Missiles    |       |       |     1 ||     1
Evoke: Wand              |       |       |    12 ||    12
  Use: Scroll            |       |     6 |       ||     6
       Potion            |       |     1 |       ||     1
 Stab: Sleeping          |       |     2 |       ||     2
  Eat: Chunk             |     4 |    11 |     5 ||    20
